Match 37350930
Unlisted

Match 37350930
End
Panzergrenadier Squad
250 Light Carrier
Panzergrenadier Squad
Construct Light Support Kompanie
Selects Battlefield Espionage Battlegroup
Fire Support Elements
Panzergrenadier Squad
Flakvierling Half-track
Vehicle Survival Package
Panzergrenadier Squad
Pak 38 Mechanized Group
Selects 250/3 Funkpanzerwagen
Selects Anti-Tank Incendiary Munitions
Construct Panzerarmee Kommand
2.5-tonne Medical Truck
Emergency Repair Kits
Panzer III L Medium Tank
AI Takeover
一掷神杯定吉凶 再占乾坤转空头
lplp4943718
enfield141
Blooddeani
schnitzel
花海魔术师
不太彳亍
小樱Young Dream
0
0

Comments sign in to comment!

No comments posted yet!